 Dungeon Crawl Stone Soup version 0.26-a0-547-g695e311587 (webtiles) character file.

Game seed: 7156326149348477350

(classic levelgen) 1444 EnegeticOcto the Cleaver (level 8, -5/67 (68) HPs)
             Began as a Deep Dwarf Abyssal Knight on Aug 20, 2020.
             Was a Believer of Lugonu.
             Slain by a killer bee (6 damage)
             ... on level 9 of the Dungeon.
             The game lasted 00:07:19 (1103 turns).

EnegeticOcto the Cleaver (DDAK)                     Turns: 1103, Time: 00:07:20

HP:   -5/67 (68)    AC:  9    Str: 17    XL:     8   Next: 46%
MP:   4/4           EV: 10    Int: 14    God:    Lugonu [**....]
Gold: 154           SH:  3    Dex: 12    Spells: 7/7 levels left

rFire    . . .     SeeInvis +   o - +0 war axe
rCold    . . .     Faith    .   g - +0 buckler
rNeg     + . .     Spirit   .   q - +0 ring mail
rPois    .         Reflect  .   m - +0 helmet
rElec    .         Harm     .   (no cloak)
rCorr    .                      (no gloves)
MR       +....                  h - +2 pair of boots
Stlth    +.........             (no amulet)
HPRegen  0.00/turn              n - ring of see invisible
MPRegen  0.09/turn              s - ring of positive energy

@: lethally poisoned (-5 -> -25), non-regenerating
A: damage resistance, heal wounds, sense surroundings 1, no regeneration
a: Heal Wounds, Depart the Abyss, Bend Space, Renounce Religion


You were on level 9 of the Dungeon.
You worshipped Lugonu.
Lugonu was pleased with you.
You visited 1 branch of the dungeon, and saw 9 of its levels.
You visited the Abyss 1 time.

You collected 154 gold pieces.

Inventory:

Hand Weapons
 a - a +1 hand axe
 o - a +0 war axe (weapon)
Armour
 b - a +0 leather armour
 g - a +0 buckler (worn)
 h - a +2 pair of boots (worn)
 m - a +0 helmet (worn)
 q - a +0 ring mail (worn)
Jewellery
 n - a ring of see invisible (left hand)
 p - an uncursed ring of fire
 s - a ring of positive energy (right hand)
Scrolls
 c - a scroll of remove curse {@r2}
 d - a scroll of enchant weapon {unknown}
Potions
 e - a potion of mutation {unknown}
 f - a potion of might {unknown}
 i - a potion of brilliance {unknown}
 j - a potion of magic {unknown}
 k - a potion of flight {unknown}
 l - 3 potions of degeneration {unknown}
 r - a potion of haste {unknown}


   Skills:
 - Level 2.6 Fighting
 * Level 10.1 Axes
 - Level 2.1 Armour
 - Level 1.1 Dodging
 + Level 7.3 Invocations


You had 7 spell levels left.
You didn't know any spells.
Your spell library was empty.

Dungeon Overview and Level Annotations

Branches:
Dungeon (9/15)
 Temple: D:4-7         Lair: D:8-11         Orc: D:9-12

Altars:
Cheibriados
Elyvilon
Nemelex Xobeh
Yredelemnul
Zin

Shops:
D:6 (   D:9 (


Innate Abilities, Weirdness & Mutations

You are resistant to damage.
You can heal yourself by infusing magical energy.
You passively map a small area around you.
You do not regenerate.


Message History

You barely miss the killer bee. x2
The killer bee stings you but does no damage. x3
The killer bee stings you.
You are more poisoned.
The killer bee poisons you!
The killer bee stings you but does no damage. x2
You barely miss the killer bee.
The killer bee is severely wounded.
You closely miss the killer bee. x2; The killer bee completely misses you.
The killer bee barely misses you. The killer bee misses you.
The killer bee stings you but does no damage.
The killer bee completely misses you. The killer bee barely misses you.
You slash the killer bee!
You kill the killer bee!
Lugonu accepts your kill.
You closely miss the killer bee. You hit the killer bee.
The killer bee stings you.
The killer bee stings you but does no damage.
You block the killer bee's attack.
The killer bee stings you but does no damage.
The killer bee stings you.
You are more poisoned.
The killer bee poisons you!
You closely miss the killer bee.
The killer bee is moderately wounded.
You hit the killer bee. You closely miss the killer bee.
You feel sick. The killer bee closely misses you.
The killer bee stings you but does no damage.
The killer bee closely misses you.
The killer bee stings you but does no damage. x2
The killer bee stings you.
You barely miss the killer bee.
The killer bee is heavily wounded.
You closely miss the killer bee.
You hit the killer bee but do no damage.
The killer bee stings you. The killer bee stings you!
You are more poisoned.
The killer bee poisons you! The killer bee barely misses you.
The killer bee closely misses you. The killer bee stings you.
You are more poisoned.
The killer bee poisons you! The killer bee closely misses you.
You are too injured to fight recklessly!
You are too injured to fight recklessly!
You are too injured to fight recklessly!
You are too injured to fight recklessly!
You are too injured to fight recklessly!
You are too injured to fight recklessly!
You are too injured to fight recklessly!
You are too injured to fight recklessly!
You are too injured to fight recklessly!
You are too injured to fight recklessly!
You are too injured to fight recklessly!
You are too injured to fight recklessly!
You are too injured to fight recklessly!
You are too injured to fight recklessly!
You are too injured to fight recklessly!
You are too injured to fight recklessly!
You are too injured to fight recklessly!
You are too injured to fight recklessly!
You are too injured to fight recklessly!
You are too injured to fight recklessly!
You are too injured to fight recklessly!
You are too injured to fight recklessly!
You are too injured to fight recklessly!
You are too injured to fight recklessly!
You are too injured to fight recklessly!
You are too injured to fight recklessly!
You feel sick. The killer bee barely misses you.
The killer bee stings you but does no damage.
The killer bee barely misses you.
The killer bee stings you but does no damage.
The killer bee closely misses you. The killer bee stings you.
You feel very sick. The killer bee stings you.
You are more poisoned.
The killer bee poisons you! The killer bee stings you. x2
* * * LOW HITPOINT WARNING * * *
The killer bee stings you.
* * * LOW HITPOINT WARNING * * *
You are more poisoned.
The killer bee poisons you!
The killer bee stings you but does no damage.
The killer bee closely misses you.
* * * LOW HITPOINT WARNING * * *
You feel very sick.
The killer bee stings you but does no damage. x2
The killer bee misses you. The killer bee barely misses you.
The killer bee stings you.
* * * LOW HITPOINT WARNING * * *
The killer bee stings you but does no damage.
* * * LOW HITPOINT WARNING * * *
You feel very sick. The killer bee stings you.
* * * LOW HITPOINT WARNING * * *
The killer bee barely misses you. You block the killer bee's attack.
The killer bee closely misses you. x2; You block the killer bee's attack.
* * * LOW HITPOINT WARNING * * *
You feel very sick. The killer bee stings you!
You die...

#...###...###.....
#.................
#.................
#.................
#.................
#.................
#.........##......
#.........##......
#@#####...........
#yyyS..#....#+#....
#.yZ...#....'∩'....
#......#....#+#....
#......#..... .....
#......########....
#....... ,, #....
#........, , #....
,#....


You could see 4 killer bees, an adder and a water moccasin zombie.

Vanquished Creatures
  A troll (D:9)
  A sky beast (D:6)
  A phantom (D:9)
  2 necrophages
  2 ogres (D:6)
  A bullfrog (D:6)
  2 killer bees (D:9)
  A jelly (D:6)
  4 hounds
  2 bullfrog skeletons (D:6)
  4 orc wizards
  3 worker ants
  A hound zombie (D:5)
  4 gnolls (D:5)
  4 adders
  4 white imps
  A worm (D:5)
  A dart slug (D:6)
  3 leopard geckos
  11 orcs
  2 giant cockroaches
  3 goblins
  A kobold (D:3)
  A quokka (D:5)
  A bat (D:3)
  A frilled lizard (D:5)
  A rat (D:2)
63 creatures vanquished.

Vanquished Creatures (others)
  An orc wizard (D:4)
  Terence (D:3)
  A hobgoblin (D:3)
3 creatures vanquished.

Grand Total: 66 creatures vanquished

Notes
Turn   | Place    | Note
-------+----------+-------------------------------------------
     0 | Abyss:1  | EnegeticOcto the Deep Dwarf Abyssal Knight began the quest
                  | for the Orb.
     0 | Abyss:1  | Reached XP level 1. HP: 20/20 MP: 2/2
     0 | D:1      | Escaped the Abyss
    62 | D:3      | Found a white marble altar of Elyvilon.
   106 | D:3      | Reached skill level 3 in Axes
   106 | D:3      | Reached XP level 2. HP: 27/27 MP: 3/3
   115 | D:3      | Killed Terence
   140 | D:3      | Reached * piety under Lugonu
   168 | D:4      | Your magical essence is drained by the effort!
   178 | D:4      | Reached skill level 4 in Axes
   178 | D:4      | Reached XP level 3. HP: 29/33 MP: 3/3
   200 | D:4      | Reached skill level 5 in Axes
   200 | D:4      | Reached XP level 4. HP: 17/40 MP: 4/4
   201 | D:4      | Your magical essence is drained by the effort!
   214 | D:4      | Reached XP level 5. HP: 32/46 MP: 4/4
   227 | D:4      | Found a basalt altar of Yredelemnul.
   242 | D:5      | Entered Level 5 of the Dungeon
   321 | D:5      | Reached skill level 6 in Axes
   401 | D:5      | Found a sparkling altar of Nemelex Xobeh.
   410 | D:6      | Found a glowing silver altar of Zin.
   410 | D:6      | Noticed an ogre
   410 | D:6      | Noticed a sky beast
   432 | D:6      | Noticed an ogre
   441 | D:6      | Your magical essence is drained by the effort!
   445 | D:6      | Killed a sky beast
   445 | D:6      | Reached skill level 3 in Invocations
   445 | D:6      | Reached XP level 6. HP: 50/55 MP: 5/5
   451 | D:6      | Your magical essence is drained by the effort!
   452 | D:6      | Reached skill level 7 in Axes
   452 | D:6      | Reached skill level 4 in Invocations
   491 | D:6      | Found Reterun's Antique Weapon Emporium.
   541 | D:6      | Your magical essence is drained by the effort!
   561 | D:6      | Reached XP level 7. HP: 46/61 MP: 5/5
   697 | D:6      | Reached skill level 8 in Axes
   697 | D:6      | Reached skill level 5 in Invocations
   748 | D:6      | Found a snail-covered altar of Cheibriados.
   840 | D:5      | Your magical essence is drained by the effort!
   861 | D:5      | Reached ** piety under Lugonu
   911 | D:7      | Your magical essence is drained by the effort!
   953 | D:8      | Reached skill level 6 in Invocations
   956 | D:8      | Noticed a kobold demonologist
   980 | D:9      | Reached skill level 9 in Axes
  1013 | D:9      | Reached XP level 8. HP: 47/68 MP: 5/5
  1017 | D:9      | Noticed a troll
  1030 | D:9      | Your magical essence is drained by the effort!
  1050 | D:9      | Killed a troll
  1051 | D:9      | Your magical essence is drained by the effort!
  1067 | D:9      | Found Fadostia's Weapon Emporium.
  1081 | D:9      | Reached skill level 7 in Invocations
  1092 | D:9      | Reached skill level 10 in Axes
  1103 | D:9      | HP: 1/67 [poisoned by a killer bee]
  1103 | D:9      | Slain by a killer bee

Illustrated notes

Levels and vault maps discovered:
D:1:      eino_arrival_water_cross, layout_loops_cross
D:2:      layout_rooms, kennysheep_generic_room_16
D:3:      layout_basic, fiery_altar_vehumet, elyvilon_altar_4, kennysheep_boxes,
          uniq_terence
D:4:      layout_rooms, grunt_temple_overflow_forces_of_nature,
          yredelemnul_altar_generic, nicolae_gozag_seed_capital,
          minmay_misc_feat_columns, kennysheep_orc_chapel
D:5:      layout_basic, nemelex_xobeh_ov_fountains_minmay, xom_butterflies
D:6:      layout_cave_pods, marbit_many_paths, kennysheep_slug_shrine,
          overflow_temple_1_default, serial_shops, shop_fountains,
          mrwooster_statue_mirror, dk_vineyard_2
D:7:      layout_loops_ring, minmay_temple_entry_nine_rooms,
          minmay_misc_feat_diagonals
D:8:      layout_rooms, lair_entry_dummy, enter_ossuary_4,
          ebering_dispersal_statue_hall
D:9:      layout_gridville, overflow_temple_1_default,
          ebering_ghost_inner_flame, serial_shops, nicolae_shop_behind_doors,
          uniq_maggie, uniq_joseph

Skill      XL: |  1  2  3  4  5  6  7  8 |
---------------+-------------------------+-----
Axes           | 3 4 5 6 7 9 10 | 10.1
Invocations    | 3 4 6 7 |  7.3
Fighting       | |  2.6
Armour         | |  2.1
Dodging        | |  1.1

Action                   |  1- 3 |  4- 6 |  7- 9 || total
-------------------------+-------+-------+-------++-------
Melee: Hand axe          |    51 |   106 |    62 ||   219
       War axe           |       |       |    79 ||    79
Invok: Depart the Abyss  |     1 |       |       ||     1
 Abil: Heal Wounds       |     5 |    12 |    18 ||    35
  Use: Scroll            |       |       |     6 ||     6
Armor: Leather armour    |    25 |    24 |    34 ||    83
       Ring mail         |       |       |    90 ||    90
Dodge: Dodged            |    69 |    44 |   169 ||   282
Block: Buckler           |       |    12 |    37 ||    49

Table legend: (Time is in decaauts)
 A = Elapsed time spent in this place.
 B = Non-inter-level travel time spent in this place.
 C = Inter-level travel time spent in this place.
 D = Time resting spent in this place.
 E = Time spent auto-exploring this place.
 F = Levels seen in this place.
 G = Mean time per level.
                   A        B        C        D        E       F      G
               +--------+--------+--------+--------+--------+-----+--------+
         Total |   1127 |   1108 |     19 |      0 |      0 |  10 |  112.7 |
       Dungeon |   1127 |   1108 |     19 |      0 |      0 |   9 |  125.2 |
         Abyss |      0 |      0 |      0 |      0 |      0 |   1 |    0.0 |
               +--------+--------+--------+--------+--------+-----+--------+

Top non-repeatable levels by time:
     D:6: 348 daAuts
     D:5: 239 daAuts
     D:9: 145 daAuts
     D:7: 115 daAuts
     D:4: 104 daAuts
     D:3: 98 daAuts
     D:2: 33 daAuts
     D:1: 28 daAuts
     D:8: 15 daAuts
